 Dungeon Crawl Stone Soup version 0.17.1-1-g73c8601 (webtiles) character file.

530 shmeve the Skirmisher (level 7, -5/63 HPs)
             Began as a Minotaur Berserker on Apr 25, 2016.
             Was a Priest of Trog.
             Slain by an ice beast (13 damage)
             ... on level 4 of the Dungeon.
             The game lasted 00:05:54 (3012 turns).

shmeve the Skirmisher (Minotaur Berserker)          Turns: 3012, Time: 00:05:55

Health: -5/63      AC:  7    Str: 21    XL:     7   Next: 3%
Magic:  6/6        EV: 11    Int:  5    God:    Trog [***...]
Gold:   168        SH:  0    Dex: 11    Spells: 0 memorised, 6 levels left

rFire  . . .     SeeInvis .     a - +0 hand axe
rCold  . . .     Clarity  .     b - +0 scale mail
rNeg   . . .     SustAt   .     (no shield)
rPois  .         Gourm    .     (helmet restricted)
rElec  .         Spirit   .     (no cloak)
rCorr  .         Warding  .     (no gloves)
rMut   .         Stasis   .     (no boots)
MR     .....                    (no amulet)
Stlth  ..........               x - ring of loudness (curse)
                                v - ring of stealth

@: lethally poisoned (-5 -> -5), not resistant to hostile enchantments,
extremely unstealthy
A: retaliatory headbutt, horns 2
a: Berserk, Trog's Hand, Burn Spellbooks, Renounce Religion


You were on level 4 of the Dungeon.
You worshipped Trog.
Trog was most pleased with you.
You were not hungry.

You visited 1 branch of the dungeon, and saw 4 of its levels.

You collected 168 gold pieces.

Inventory:

Hand Weapons
 a - a +0 hand axe (weapon)
Armour
 b - a +0 scale mail (worn)
Jewellery
 v - a ring of stealth (left hand)
 x - a cursed ring of loudness (right hand)
Scrolls
 e - 4 scrolls of magic mapping {unknown}
 f - 4 scrolls of identify {unknown}
 j - 3 scrolls of amnesia {unknown}
 k - 5 scrolls of teleportation {unknown}
 l - a scroll of random uselessness {unknown}
 p - a scroll of remove curse {unknown}
 q - 2 scrolls of fear {unknown}
 t - a scroll of fog {unknown}
Potions
 d - a potion of curing {unknown}
 h - a potion of degeneration {unknown}
 m - a potion of might {unknown}
 n - a potion of magic {unknown}
 o - a potion of lignification {unknown}
 r - 2 potions of mutation {unknown}
 u - a potion of resistance {unknown}
Comestibles
 c - 4 bread rations
 g - 8 fruits
 i - 6 meat rations
 w - a royal jelly


   Skills:
 * Level 6.0 Fighting
 * Level 5.9 Axes
 + Level 2.6 Throwing
 + Level 3.9 Armour
 + Level 3.7 Dodging


You had 6 spell levels left.
You didn't know any spells.

Dungeon Overview and Level Annotations

Branches:
Dungeon (4/15)             Temple (0/1) D:4

Altars:
Trog
The Shining One

Annotations:
D:4 2 runed doors


Innate Abilities, Weirdness & Mutations

You reflexively headbutt those who attack you in melee.
You have a pair of horns on your head.


Message History

You headbutt the ice beast, but do no damage.
The ice beast is severely wounded.
You feel sick. The ice beast barely misses you.
You hit the ice beast but do no damage.
You headbutt the ice beast, but do no damage.
The ice beast is severely wounded.
The ice beast hits you but does no damage.
You closely miss the ice beast.
The ice beast is severely wounded.
The ice beast hits you. The ice beast freezes you!
* * * LOW HITPOINT WARNING * * *
You hit the ice beast.
The ice beast is almost dead.
The ice beast barely misses you.
You hit the ice beast but do no damage.
The ice beast is almost dead.
You feel sick. The ice beast hits you.
* * * LOW HITPOINT WARNING * * *
The ice beast freezes you!
You die...

.....##.#####.# ###
###.#..........## ..#
#.#.......#.... #.# #
#.##.##.##.## #.#
......##.##.# #.#
###..#.......#########.###
................#.......#
.######..######...###.#.#
## ####..†@##..###.#.#
.#.# #)##Y#.#..##..#.#
...# #..#.#..##.##.# .#
..###.#.(##.##.# ##
#)##.#.#........#
###.#.##.###.#### #'###..#
#...# #.....######.#
##.......# #.#


You could see an ice beast.

Vanquished Creatures
  The ghost of flappity the Conjurer, an amateur DECj of Dithmenos (D:4)
  An orc priest (D:4)
  A hound (D:4)
  5 orc wizards (D:4)
  Robin (D:3)
  2 gnolls (D:1)
  8 adders
  An ooze (D:3)
  3 worms
  4 giant geckos
  12 orcs
  6 giant cockroaches
  22 goblins
  4 hobgoblins
  3 jackals (D:3)
  2 quokkas
  2 ball pythons (D:4)
  6 bats
  6 giant newts
  7 kobolds
  10 rats
107 creatures vanquished.

Vanquished Creatures (others)
  A phantom (D:4)
  A water moccasin skeleton (D:4)
  2 fulminant prisms (D:4)
4 creatures vanquished.

Grand Total: 111 creatures vanquished

Notes
Turn   | Place    | Note
--------------------------------------------------------------
     0 | D:1      | shmeve the Minotaur Berserker began the quest for the Orb.
     0 | D:1      | Reached XP level 1. HP: 19/19 MP: 0/0
   132 | D:1      | Reached skill level 4 in Axes
   132 | D:1      | Reached XP level 2. HP: 17/27 MP: 1/1
   283 | D:1      | Reached XP level 3. HP: 28/33 MP: 2/2
   631 | D:2      | Found a bloodstained altar of Trog.
   648 | D:2      | Reached ** piety under Trog
   964 | D:2      | Reached XP level 4. HP: 41/41 MP: 3/3
  1282 | D:3      | Reached skill level 1 in Throwing
  1455 | D:3      | Noticed Robin
  1463 | D:3      | Reached *** piety under Trog
  1466 | D:3      | Killed Robin
  1610 | D:3      | Reached skill level 5 in Axes
  1647 | D:3      | Noticed a moth of wrath
  1650 | D:3      | Found a bloodstained altar of Trog.
  1657 | D:3      | Reached XP level 5. HP: 42/47 MP: 4/4
  2003 | D:3      | Found a glowing golden altar of the Shining One.
  2355 | D:4      | Reached skill level 5 in Fighting
  2587 | D:4      | Reached XP level 6. HP: 42/56 MP: 5/5
  2644 | D:4      | Noticed a phantom
  2656 | D:4      | Noticed flappity's ghost (amateur DECj)
  2662 | D:4      | Killed flappity's ghost
  2662 | D:4      | Killed a phantom
  2676 | D:4      | Found a staircase to the Ecumenical Temple.
  2701 | D:4      | HP: 2/57 [orc wizard/magic dart (3)]
  2724 | D:4      | Reached skill level 6 in Fighting
  2939 | D:4      | Reached XP level 7. HP: 57/63 MP: 6/6
  2973 | D:4      | Found a large runed door.
  2973 | D:4      | Found a large runed door.
  2994 | D:4      | Noticed an ice beast
  3012 | D:4      | Slain by an ice beast

Action                   |  1- 3 |  4- 6 |  7- 9 || total
-------------------------+-------+-------+-------++-------
Melee: Hand axe          |    62 |   165 |    19 ||   246
Invok: Berserk           |       |     2 |       ||     2
       Trog's Hand       |       |     3 |       ||     3
  Eat: Chunk             |       |     9 |       ||     9
